 Dungeon Crawl Stone Soup version 0.21-a0-521-g1cd18d1 (webtiles) character file.

9783 Nirn the Carver (level 11, -4/87 HPs)
             Began as a Mummy Necromancer on Dec 5, 2017.
             Was a Follower of Ashenzari.
             Slain by an eight-headed hydra (5 damage)
             ... on level 1 of the Lair of Beasts.
             The game lasted 01:27:03 (14955 turns).

Nirn the Carver (Mummy Necromancer)                Turns: 14955, Time: 01:27:07

Health: -4/87      AC: 12    Str: 13    XL:     11   Next: 27%
Magic:  22/22      EV: 10    Int: 17    God:    Ashenzari [*.....]
Gold:   223        SH:  0    Dex: 12    Spells: 13/25 levels left

rFire    x . .     SeeInvis +   l - +2 dagger (freeze)
rCold    + . .     Gourm    .   (no shield)
rNeg     + + +     Faith    .   b - +0 ring mail
rPois    ∞         Spirit   .   x - +2 helmet
rElec    .         Reflect  .   a - +1 cloak {+Inv}
rCorr    .         Harm     .   k - +1 pair of gloves
MR       +++..                  (no boots)
Stlth    +.........             m - amulet of magic regeneration (curse)
HPRegen  0.24/turn              p - ring of the Prince {MR++ SInv} (curse)
MPRegen  0.43/turn              (no ring)

@: studying Unarmed Combat
A: no food or potions, fire vulnerability, cold resistance 1, negative energy
resistance 3, torment resistance, unbreathing
a: Curse Item, Scrying, Renounce Religion, Evoke Invisibility


You were on level 1 of the Lair of Beasts.
You worshipped Ashenzari.
Ashenzari was aware of your devotion.
You were not hungry.

You visited 3 branches of the dungeon, and saw 12 of its levels.
You also visited: Sewer.

You collected 557 gold pieces.
You spent 334 gold pieces at shops.

Inventory:

Hand Weapons
 d - a +0 whip of venom
 l - a +2 dagger of freezing (weapon)
 n - a +0 hand axe
 o - the +10 long sword of Premature Burial {vamp, rPois}
   (You found it on level 5 of the Dungeon)

   It inflicts no extra harm, but heals its wielder when it wounds a living foe.
   It protects you from poison.
 A - a cursed -2 great sword
 D - a +1 battleaxe of freezing
Missiles
 e - 14 tomahawks (quivered)
Armour
 a - a +1 cloak of invisibility (worn)
 b - a +0 ring mail (worn)
 k - a +1 pair of gloves (worn)
 x - a +2 helmet (worn)
Jewellery
 m - a cursed amulet of magic regeneration (around neck)
 p - the cursed ring of the Prince (left hand) {MR++ SInv}
   (You bought it in a shop on level 8 of the Dungeon)

   [ring of see invisible]

   It affects your resistance to hostile enchantments.
   It lets you see invisible.
   It has a curse placed upon it.
 q - the ring "Foahiuta" {MR+ Int+4 Stlth+}
   (You found it on level 8 of the Dungeon)

   [ring of protection from magic]

   It affects your intelligence (+4).
   It affects your resistance to hostile enchantments.
   It makes you more stealthy.
 s - a +5 amulet of reflection
 w - an uncursed ring of resist corrosion
 y - a +3 ring of dexterity
Wands
 h - a wand of iceblast (9)
 j - a wand of clouds (4)
 t - a wand of flame (23)
 u - a wand of digging (23)
 v - a wand of disintegration (31)
 z - a wand of scattershot (5)
Scrolls
 c - 10 scrolls of identify
 f - 2 scrolls of magic mapping
 g - 4 scrolls of teleportation
 i - 6 scrolls of amnesia
 G - a scroll of blinking
Books
 r - a manual of Unarmed Combat
Miscellaneous
 E - a crystal ball of energy


   Skills:
 + Level 8.4 Fighting
 + Level 9.0 Long Blades
 - Level 6.3 Axes
 - Level 1.5 Dodging
 - Level 1.5 Stealth
 - Level 7.8 Spellcasting
 - Level 7.3 Necromancy


You had 13 spell levels left.
You knew the following spells:

 Your Spells              Type           Power        Failure   Level  Hunger
a - Pain                  Necr           ####         1%          1    N/A
b - Vampiric Draining     Necr           ####......   3%          3    N/A
c - Animate Dead          Necr           N/A          12%         4    N/A
d - Control Undead        Necr           ####......   12%         4    N/A

Dungeon Overview and Level Annotations

Branches:
Dungeon (10/15)            Temple (1/1) D:4            Lair (1/6) D:10
    Orc: D:9-12

Altars:
Ashenzari
Cheibriados
Dithmenos
Elyvilon
Fedhas
Gozag
Hepliaklqana
Kikubaaqudgha
Makhleb
Nemelex Xobeh
Okawaru
Qazlal
Ru
Sif Muna
Trog
Uskayaw
Vehumet
Wu Jian
Xom
Yredelemnul
Zin
The Shining One

Shops:
D:4 (!*   D:6 *   D:8 =

Annotations:
D:3 Grinder
D:4 Sigmund


Innate Abilities, Weirdness & Mutations

You do not eat or drink.
Your flesh is vulnerable to fire.
You are immune to poison.
Your flesh is cold resistant. (rC+)
You are immune to negative energy. (rN+++)
You are immune to unholy pain and torment.
You can survive without breathing.


Message History

The eight-headed hydra bites you but does no damage.
There is a stone staircase leading down here.
You see here an uncursed great mace.
There is a staircase back to the Dungeon here.
The eight-headed hydra barely misses you.
The eight-headed hydra bites you. The eight-headed hydra bites you!
The eight-headed hydra bites you.
The eight-headed hydra barely misses you.
The eight-headed hydra bites you!
* * * LOW HITPOINT WARNING * * *
The eight-headed hydra misses you.
The eight-headed hydra barely misses you.
There is a staircase back to the Dungeon here.
The eight-headed hydra bites you!
* * * LOW HITPOINT WARNING * * *
The eight-headed hydra bites you.
* * * LOW HITPOINT WARNING * * *
The eight-headed hydra bites you but does no damage. x4
The eight-headed hydra bites you.
You die...

#........# ##.......#
##.......# ####......).#
#.#.....##### #..<...###
#####..#.....# #
##...#........#.#
#..........D@.#.#
##...#.....###..##
####...##..........#
###.....###.#....###.#
........###.#........##
.......#........#.....#
..#......>..?...#.....##
.........>......##.#...#
......#####.#.........##


You could see an eight-headed hydra.

Vanquished Creatures
  A tengu warrior (D:9)
  A two-headed ogre (D:5)
  Pikel (D:4)
  An elephant (D:9)
  Maurice (D:8)
  A tengu conjurer (D:9)
  3 hippogriffs
  A spriggan (D:7)
  A yak (D:9)
  3 basilisks
  Edmund (D:4)
  Duvessa (D:6)
  A porcupine (Lair:1)
  3 water moccasins
  4 orc warriors
  A hornet zombie (D:8)
  An ice beast (D:10)
  3 sky beasts
  4 slaves
  A black bear (D:9)
  2 ogres
  2 phantoms
  6 wolves (Lair:1)
  A crocodile (Lair:1)
  2 centaurs
  3 big kobolds
  6 bullfrogs
  Dowan (D:6)
  2 scorpions
  12 killer bees
  3 wights (D:10)
  2 crimson imps
  3 jellies
  A quasit (D:4)
  6 orc priests
  2 bullfrog skeletons
  5 hounds
  Crazy Yiuf (D:2)
  4 iguanas
  Natasha (twice) (D:2)
  Terence (D:3)
  3 orc wizards
  2 worker ants
  A killer bee zombie (D:9)
  Robin (D:2)
  18 adders
  4 gnolls
  9 river rats
  2 shadow imps
  2 oozes
  An adder zombie (D:9)
  4 dart slugs
  5 worms
  5 leopard geckos
  27 orcs
  6 giant cockroaches
  12 goblins
  12 hobgoblins
  21 jackals
  2 quokkas
  8 ball pythons
  10 bats
  3 frilled lizards
  26 kobolds
  25 rats
310 creatures vanquished.

Vanquished Creatures (collateral kills)
  A two-headed ogre (D:8)
  A crocodile (Lair:1)
  A water moccasin zombie (D:5)
  A wight (D:10)
4 creatures vanquished.

Vanquished Creatures (others)
  2 fungi
2 creatures vanquished.

Grand Total: 316 creatures vanquished

Notes
Turn   | Place    | Note
-------+----------+-------------------------------------------
     0 | D:1      | Nirn the Mummy Necromancer began the quest for the Orb.
     0 | D:1      | Reached XP level 1. HP: 13/13 MP: 4/4
   526 | D:1      | Reached XP level 2. HP: 7/19 MP: 0/6
   980 | D:2      | Found a runed door.
  1060 | D:2      | Found a deep blue altar of Sif Muna.
  1495 | D:2      | Reached XP level 3. HP: 21/24 MP: 0/8
  1658 | D:2      | Noticed Robin
  1933 | D:2      | Noticed Natasha
  2000 | D:2      | Learned a level 3 spell: Vampiric Draining
  2007 | D:2      | Killed Natasha
  2007 | D:2      | Reached XP level 4. HP: 15/30 MP: 2/10
  2160 | D:2      | Reached skill level 5 in Necromancy
  2729 | D:2      | Killed Robin
  2889 | D:2      | Found a snail-covered altar of Cheibriados.
  3160 | D:2      | Reached XP level 5. HP: 35/35 MP: 10/12
  3216 | D:2      | Noticed Natasha
  3224 | D:2      | Killed Natasha
  3224 | D:2      | Reached skill level 5 in Spellcasting
  3318 | D:2      | Noticed Crazy Yiuf
  3325 | D:2      | Killed Crazy Yiuf
  3573 | D:3      | Learned a level 4 spell: Animate Dead
  3578 | D:3      | Learned a level 4 spell: Control Undead
  3732 | D:3      | Noticed Grinder
  3907 | D:3      | Noticed Terence
  4239 | D:3      | Reached XP level 6. HP: 30/41 MP: 8/14
  4712 | D:3      | Killed Terence
  4798 | D:4      | Found Oskanlae's Assorted Antiques.
  4845 | D:4      | Found a hazy altar of Hepliaklqana.
  4928 | D:4      | Noticed a slave
  4967 | D:4      | Noticed a slave
  4970 | D:4      | Noticed Pikel
  4970 | D:4      | Noticed a slave
  4972 | D:4      | Noticed a slave
  4990 | D:3      | Killed a slave
  5066 | D:4      | Found an opulent altar of Gozag.
  5446 | D:3      | Killed a slave
  5556 | D:4      | Killed a slave
  5574 | D:3      | Killed a slave
  5699 | D:4      | Killed Pikel
  5699 | D:4      | Reached XP level 7. HP: 29/46 MP: 7/18
  5872 | D:4      | Noticed Edmund
  5887 | D:4      | Killed Edmund
  5934 | D:4      | Found Rainenent's Weapon Shoppe.
  6072 | D:4      | Found a white marble altar of Elyvilon.
  6145 | D:4      | Found Souxkiub's Distillery.
  6192 | D:4      | Found a basalt altar of Yredelemnul.
  6454 | D:4      | Found a staircase to the Ecumenical Temple.
  6616 | Temple   | Entered the Ecumenical Temple
  6745 | Temple   | Became a worshipper of Ashenzari the Shackled
  6910 | D:4      | Noticed Sigmund
  6960 | D:5      | Entered Level 5 of the Dungeon
  6964 | D:5      | Reached XP level 8. HP: 57/57 MP: 15/19
  6973 | D:5      | Reached skill level 1 in Axes
  7602 | D:5      | Noticed a two-headed ogre
  7623 | D:5      | Killed a two-headed ogre
  7623 | D:5      | Reached XP level 9. HP: 11/62 MP: 6/20
  7942 | D:5      | Got the long sword of Premature Burial {vamp, rPois}
  7943 | D:5      | Identified the +10 long sword of Premature Burial {vamp, rPois} (You found it on level 5 of the Dungeon)
  8171 | D:6      | Reached skill level 1 in Long Blades
  8176 | D:6      | Found Ioejou's Incredible Inventory.
  8216 | D:6      | Reached skill level 2 in Long Blades
  8245 | D:6      | Noticed Duvessa
  8270 | D:6      | Noticed Dowan
  8503 | D:6      | Found a glowing drain.
  8512 | Sewer    | Entered a sewer
  8789 | Sewer    | Reached skill level 3 in Long Blades
  9340 | D:6      | Killed Duvessa
  9340 | D:6      | Reached skill level 4 in Long Blades
  9348 | D:6      | Killed Dowan
  9675 | D:7      | Reached skill level 5 in Long Blades
 10323 | D:7      | Reached * piety under Ashenzari
 10343 | D:7      | Found an ornate altar of the Wu Jian Council.
 10456 | D:8      | Reached skill level 6 in Long Blades
 10536 | D:8      | Noticed Maurice
 10570 | D:8      | Killed Maurice
 10570 | D:8      | Reached XP level 10. HP: 67/70 MP: 14/21
 10649 | D:8      | Found Caamad's Jewellery Shoppe.
 10652 | D:8      | Bought the ring of the Prince {MR++ SInv} for 334 gold pieces
 10736 | D:8      | Identified the ring "Foahiuta" {MR+ Int+4 Stlth+}
 10736 | D:8      | Noticed a two-headed ogre
 10751 | D:8      | Killed a two-headed ogre
 11030 | D:8      | Found a basalt altar of Yredelemnul.
 11049 | D:8      | Found a bloodstained altar of Trog.
 11049 | D:8      | Found an iron altar of Okawaru.
 11431 | D:8      | Reached skill level 5 in Fighting
 11431 | D:8      | Reached skill level 7 in Long Blades
 12474 | D:10     | Entered Level 10 of the Dungeon
 12598 | D:10     | Noticed a tengu warrior
 12599 | D:10     | Noticed an elephant
 12642 | D:9      | Killed a tengu warrior
 12782 | D:10     | Reached skill level 8 in Long Blades
 13125 | D:9      | Killed an elephant
 13319 | D:9      | Reached XP level 11. HP: 80/84 MP: 22/22
 13683 | D:10     | Found a staircase to the Lair.
 13746 | Lair:1   | Entered Level 1 of the Lair of Beasts
 14428 | Lair:1   | Reached skill level 9 in Long Blades
 14530 | Lair:1   | Noticed an eight-headed hydra
 14955 | Lair:1   | HP: 1/87 [eight-headed hydra (6)]
 14955 | Lair:1   | Slain by an eight-headed hydra

Vault maps used:
D:1:      lightli_arrival_windingriver
D:2:      minmay_diamond_boxcup, kennysheep_slug_shrine, led_sif_pool,
          uniq_natasha, uniq_crazy_yiuf_cottage, uniq_robin
D:3:      first_bread, uniq_terence, uniq_grinder
D:4:      kennysheep_ying_yang, nicolae_gozag_seed_capital,
          kennysheep_mini_moat, minmay_temple_entry_fiery, serial_shops, shop,
          shop, nicolae_shop_competitors_out_of_business, uniq_edmund,
          uniq_sigmund, uniq_pikel
D:5:      cheibrodos_iron_armory, kennysheep_generic_room_8
D:6:      gup_sewer_entry_bowl, minivault_11, nicolae_alphabet_shops,
          minmay_small_thing, uniq_duvessa
D:7:      lemuel_doored_altar, the_bakery
D:8:      grunt_temple_overflow_bloody_war, basic_altar, serial_shops,
          kennysheep_mini, uniq_maurice
D:10:     david_lair_generic, corexii_hall_statues_i
Temple:   nicolae_temple_figure_eight
Sewer:    sewer_minmay_treatment

Skill      XL: |  1  2  3  4  5  6  7  8  9 10 11 |
---------------+----------------------------------+-----
Spellcasting   | 3 4 5 7 |  7.8
Necromancy     | 5 7 |  7.3
Fighting       | 2 3 7 8 |  8.4
Axes           | 6 |  6.3
Long Blades    | 6 8 9 |  9.0
Dodging        | |  1.5
Stealth        | |  1.5

Action                   |  1- 3 |  4- 6 |  7- 9 | 10-12 || total
-------------------------+-------+-------+-------+-------++-------
Melee: Unarmed           |     6 |       |       |       ||     6
       Short sword       |     7 |    15 |       |       ||    22
       Dagger            |       |     4 |   113 |     3 ||   120
       Whip              |       |     1 |    19 |       ||    20
       Long sword        |       |       |   116 |   250 ||   366
 Cast: Pain              |    72 |   187 |   241 |    87 ||   587
       Vampiric Draining |       |     9 |     7 |     9 ||    25
       Animate Dead      |       |       |     7 |     6 ||    13
       Control Undead    |       |       |       |     1 ||     1
Invok: Curse Item        |       |       |       |     2 ||     2
  Use: Scroll            |       |     3 |     8 |     4 ||    15
Armor: Robe              |     8 |       |       |       ||     8
       Leather armour    |     5 |     9 |       |       ||    14
       Ring mail         |       |    36 |   178 |   207 ||   421
Dodge: Dodged            |    17 |    41 |   220 |   217 ||   495
       Rpst.: Long sword |       |       |    13 |    54 ||    67

Table legend:
 A = Spawn XP
 B = Non-spawn XP
 C = Spawn XP percentage of total XP
 D = Spawn monster count
 E = Non-spawn monster count
 F = Spawn count percentage of total count
 G = Total turns spent on level
                    A         B        C        D         E        F      G
               +---------+---------+-------+---------+---------+-------+---------
         Total |       0 |   13976 |   0.0 |       0 |     310 |   0.0 | 14955
               +---------+---------+-------+---------+---------+-------+---------
           D:1 |       0 |      15 |   0.0 |       0 |       9 |   0.0 |  1393
           D:2 |       0 |     259 |   0.0 |       0 |      47 |   0.0 |  2448
           D:3 |       0 |     221 |   0.0 |       0 |      29 |   0.0 |  1539
           D:4 |       0 |    1109 |   0.0 |       0 |      11 |   0.0 |  1682
           D:5 |       0 |    1397 |   0.0 |       0 |      30 |   0.0 |   958
           D:6 |       0 |     706 |   0.0 |       0 |      24 |   0.0 |   896
           D:7 |       0 |     804 |   0.0 |       0 |      12 |   0.0 |   986
           D:8 |       0 |    2666 |   0.0 |       0 |      33 |   0.0 |  1567
           D:9 |       0 |    2725 |   0.0 |       0 |      29 |   0.0 |   932
          D:10 |       0 |    1551 |   0.0 |       0 |      22 |   0.0 |  1119
        Lair:1 |       0 |    2139 |   0.0 |       0 |      16 |   0.0 |   885
         Sewer |       0 |     384 |   0.0 |       0 |      48 |   0.0 |   406
               +---------+---------+-------+---------+---------+-------+---------
